 Dungeon Crawl Stone Soup version 0.29-a0-299-g4c793a2ed2 (webtiles) character file.

Game seed: 3322510827338804701

695 Dabor the Chopper (level 7, -1/63 HPs)
             Began as a Hill Orc Monk on Mar 24, 2022.
             Slain by an ogre
             ... wielding a +0 giant club
              (29 damage)
             ... on level 5 of the Dungeon.
             The game lasted 00:05:32 (5292 turns).

Dabor the Chopper (Hill Orc Monk)                   Turns: 5292, Time: 00:05:32

Health: -1/63      AC:  6    Str: 15 (16) XL:     7   Next: 64%
Magic:  7/7        EV: 12    Int:  8 (10) God:
Gold:   287        SH:  0    Dex: 13      Spells: 6/6 levels left

rFire   . . .      SeeInvis .   a - +0 hand axe
rCold   . . .      Faith    .   (no shield)
rNeg    . . .      Spirit   .   h - +0 ring mail
rPois   .          Reflect  .   l - +0 helmet
rElec   .          Harm     .   (no cloak)
rCorr   .          Rampage  .   (no gloves)
Will    .....                   (no boots)
Stlth   +.........              k - amulet of the acrobat
HPRegen 0.20/turn               (no ring)
MPRegen 0.10/turn               (no ring)

@: no status effects
A: no striking features
a: no special abilities


You were on level 5 of the Dungeon.
You visited 1 branch of the dungeon, and saw 5 of its levels.

You collected 287 gold pieces.

Inventory:

Hand Weapons
 a - a +0 hand axe (weapon)
Missiles
 o - 5 boomerangs (quivered)
Armour
 b - a +0 robe
 f - a +0 leather armour
 h - a +0 ring mail (worn)
 l - a +0 helmet (worn)
Jewellery
 k - an amulet of the acrobat (around neck)
 m - a ring of positive energy
 u - a ring of magical power
 w - a ring of magical power
Scrolls
 d - 3 scrolls of identify
 g - a scroll of fog {unknown}
 i - 2 scrolls of blinking {unknown}
 j - a scroll of acquirement {unknown}
 n - 3 scrolls of enchant armour {unknown}
 q - 2 scrolls of noise {unknown}
 s - 3 scrolls of teleportation {unknown}
Potions
 c - 2 potions of ambrosia
 e - 3 potions of attraction
 r - a potion of degeneration


   Skills:
 + Level 6.0 Fighting
 + Level 6.7 Axes
 + Level 3.1 Armour
 + Level 4.1 Dodging
 - Level 2.6 Stealth


You had 6 spell levels left.
You didn't know any spells.
Your spell library contained the following spells:

 Spells                   Type           Power      Damage    Failure   Level
 Apportation              Tloc           0%         N/A       63%         1
 Magic Dart               Conj           0%         1d3       63%         1
 Call Imp                 Summ           0%         N/A       77%         2
 Static Discharge         Conj/Air       0%         N/A       77%         2
 Mephitic Cloud           Conj/Pois/Air  0%         N/A       94%         3
 Dispel Undead            Necr           0%         3d6       100%        4
 Sticky Flame             Conj/Fire      0%         2d3       100%        4
 Alistair's Intoxication  Tmut/Pois      0%         N/A       100%        5


Dungeon Overview and Level Annotations

Branches:
Dungeon (5/15)
 Temple: D:4-7

Altars:
Dithmenos
Gozag
Ru
Uskayaw

Annotations:
D:3 2 runed translucent doors, Ijustatesigmund's ghost, amateur GrMo


Message History

The sky beast is lightly wounded.
The sky beast flickers out of sight!
Deactivating autopickup; reactivate with Ctrl-A.
Something hits you but does no damage.
No target in view!
No target in view!
No target in view!
There is a strange disturbance nearby!
You closely miss something. Something hits you but does no damage.
You miss something. Something hits you but does no damage.
You miss something. Something hits you but does no damage.
You closely miss something. You barely miss something.
Something hits you but does no damage.
You closely miss something. Something hits you but does no damage.
You slash something! Something hits you but does no damage.
You hit something. Something hits you. Something shocks you.
You hit something but do no damage. Something hits you but does no damage.
You barely miss something. Something hits you but does no damage.
You miss something. Something hits you but does no damage.
You hit something but do no damage. Something hits you but does no damage.
You miss something. Something hits you but does no damage.
You closely miss something. Something hits you but does no damage.
You miss something. Something hits you but does no damage.
You closely miss something.
An ogre comes into view. It is wielding a +0 giant club.
Something hits you but does no damage.
You closely miss something.
A sky beast appears from thin air!
Reactivating autopickup.
The sky beast hits you but does no damage.
You hit the sky beast.
The sky beast is severely wounded.
The sky beast closely misses you.
You closely miss the sky beast.
The sky beast is severely wounded.
The sky beast hits you but does no damage.
You barely miss the sky beast.
The sky beast is severely wounded.
You hit the ogre but do no damage. The sky beast barely misses you.
The ogre hits you with a +0 giant club!!
You die...

###.#........######
...+..............
#.#..<.....#.....
####..........#..... # #
#.............#.....
#.#.#.###...###.........
..... #...# #.........
......###...###....##.##
......O@...........##..#
......Y.................
....................##..
......###...###.....#<..
...... #...# #...).#...
...... #...# #.....#...
..... ........###.#...
..... .##..... ..#...
.... ..####


You could see a sky beast and an ogre.

Vanquished Creatures
  A black bear (D:4)
  A phantom (D:4)
  A necrophage (D:4)
  2 howler monkeys
  A hound (D:4)
  Natasha (thrice) (D:2)
  3 orc wizards (D:4)
  Robin (D:4)
  3 gnolls (D:3)
  7 adders
  An ufetubus (D:5)
  A worm (D:3)
  3 dart slugs
  6 orcs
  7 endoplasms
  A giant cockroach (D:2)
  14 goblins
  13 hobgoblins
  3 jackals
  6 kobolds
  3 quokkas
  8 ball pythons
  5 bats
  8 frilled lizards
  4 rats
106 creatures vanquished.

Notes
Turn   | Place    | Note
-------+----------+-------------------------------------------
     0 | D:1      | Dabor the Hill Orc Monk began the quest for the Orb.
     0 | D:1      | Reached XP level 1. HP: 19/19 MP: 1/1
   281 | D:1      | Reached XP level 2. HP: 24/27 MP: 2/2
  1090 | D:2      | Found a hide-covered altar of Uskayaw.
  1207 | D:2      | Reached XP level 3. HP: 33/33 MP: 3/3
  1394 | D:2      | Noticed Natasha
  1404 | D:2      | Killed Natasha
  1605 | D:2      | Noticed Natasha
  1614 | D:2      | Killed Natasha
  1615 | D:2      | Reached XP level 4. HP: 37/41 MP: 4/4
  1957 | D:2      | Found a faded altar of an unknown god.
  1967 | D:2      | Reached skill level 5 in Axes
  2091 | D:2      | Reached XP level 5. HP: 44/47 MP: 5/5
  2143 | D:2      | Noticed Natasha
  2158 | D:2      | Killed Natasha
  2544 | D:3      | Found an opulent altar of Gozag.
  2544 | D:3      | Found a sacrificial altar of Ru.
  2677 | D:3      | Found a shadowy altar of Dithmenos.
  3507 | D:3      | Found a large runed translucent door.
  3508 | D:3      | Found a large runed translucent door.
  3683 | D:3      | Noticed Ijustatesigmund's ghost (amateur GrMo)
  3744 | D:3      | Reached skill level 1 in Armour
  4064 | D:4      | Reached skill level 5 in Fighting
  4120 | D:4      | Reached XP level 6. HP: 56/56 MP: 6/6
  4448 | D:4      | Noticed Robin
  4462 | D:4      | Killed Robin
  4554 | D:4      | Reached XP level 7. HP: 56/61 MP: 7/7
  5227 | D:5      | Entered Level 5 of the Dungeon
  5292 | D:5      | Slain by an ogre

Illustrated notes

Levels and vault maps discovered:
D:1:      dpeg_arrival_stone_temple_mockup, layout_loops_ring,
          minmay_pentomino_q4
D:2:      layout_loops_cross, hellmonk_ecumenical_altar_inner_sanctum,
          basic_altar, minmay_randomly_rotated_circles, uniq_natasha
D:3:      minmay_wonky_spiral, layout_loops_corners,
          nicolae_dithmenos_shadow_blocks, jmf_multi_god_temple,
          ebering_ghost_disaster_area
D:4:      layout_cave_pools, uniq_robin
D:5:      layout_basic, kennysheep_vampire_church, trog_ov_bears_minmay,
          tso_altar, temple_fountains, serial_shops, nicolae_shop_waterfront,
          minmay_misc_feat_cross

Skill      XL: |  1  2  3  4  5  6  7 |
---------------+----------------------+-----
Fighting       | 4 5 6 |  6.0
Stealth        | 2 |  2.6
Dodging        | 3 4 |  4.1
Axes           | 5 6 |  6.7
Armour         | 1 2 3 |  3.1

Action                   |  1- 3 |  4- 6 |  7- 9 || total
-------------------------+-------+-------+-------++-------
Melee: Hand axe          |    79 |   239 |   101 ||   419
       Punch             |     1 |     4 |       ||     5
Throw: Boomerang         |       |       |     5 ||     5
  Use: Scroll            |     1 |       |       ||     1
       Potion            |       |     4 |     7 ||    11
 Stab: Sleeping          |     1 |     5 |       ||     6
Armor: Robe              |     3 |       |       ||     3
       Ring mail         |    15 |    74 |    31 ||   120
       Leather armour    |     1 |       |       ||     1
       Skin              |       |       |    63 ||    63
Dodge: Dodged            |    54 |   180 |    51 ||   285

Table legend: (Time is in decaauts)
 A = Elapsed time spent in this place.
 B = Non-inter-level travel time spent in this place.
 C = Inter-level travel time spent in this place.
 D = Time resting spent in this place.
 E = Time spent auto-exploring this place.
 F = Levels seen in this place.
 G = Mean time per level.
                   A        B        C        D        E       F      G
               +--------+--------+--------+--------+--------+-----+--------+
         Total |   5296 |   5150 |    146 |    750 |   3554 |   5 | 1059.2 |
       Dungeon |   5296 |   5150 |    146 |    750 |   3554 |   5 | 1059.2 |
               +--------+--------+--------+--------+--------+-----+--------+

Top non-repeatable levels by time:
     D:3: 1509 daAuts
     D:2: 1486 daAuts
     D:4: 1168 daAuts
     D:1: 1066 daAuts
     D:5: 65 daAuts
